BSA
FRESNO DEPLORABLES @ ST CHARLES SHEENS
07/29/2026
 
TOP OF THE 1ST
Portland Cards batting - Pitching for St Charles Sheens : LHP Ben Moody
Pitching: LHP Ben Moody
Batting: LHB John Cotton 0-0: Called Strike
0-1: Ball
1-1: Ball
2-1: Foul Ball, location: 2F
2-2: Foul Ball, location: 2F
2-2: Ball
3-2: Ground out 4-3 (Groundball, 4)
Batting: RHB Aaron Scott 0-0: Fly out, F4 (Popup, 4D)
Batting: LHB Jeff Daniels 0-0: Ball
1-0: Ball
2-0: Ground out 4-3 (Groundball, 4M)
Top of the 1st over - 0 run(s), 0 hit(s), 0 error(s), 0 left on base; Portland 0 - St Charles 0
BOTTOM OF THE 1ST
St Charles Sheens batting - Pitching for Portland Cards : LHP Mike Graves
Pitching: LHP Mike Graves
Batting: RHB Guillermo Sánchez 0-0: Ball
1-0: Ball
2-0: Foul Ball, location: 2F
2-1: Ball
3-1: Ground out 5-3 (Groundball, 5L)
Batting: RHB Dan Tyler 0-0: Called Strike
0-1: Swinging Strike
0-2: Strikes out looking
Batting: RHB Júlio Figueroa 0-0: Called Strike
0-1: Ground out 6-3 (Groundball, 6M)
Bottom of the 1st over - 0 run(s), 0 hit(s), 0 error(s), 0 left on base; Portland 0 - St Charles 0
TOP OF THE 2ND
Portland Cards batting - Pitching for St Charles Sheens : LHP Ben Moody
Batting: RHB Paco Arellano 0-0: Swinging Strike
0-1: Ball
1-1: Swinging Strike
1-2: Ball
2-2: Strikes out swinging
Batting: LHB Paul Mullins 0-0: Foul Ball, location: 2F
0-1: Ball
1-1: Ball
2-1: Called Strike
2-2: Ground out 6-3 (Groundball, 6)
Batting: LHB Tom Blake 0-0: Called Strike
0-1: Called Strike
0-2: Ball
1-2: Strikes out swinging
Top of the 2nd over - 0 run(s), 0 hit(s), 0 error(s), 0 left on base; Portland 0 - St Charles 0
BOTTOM OF THE 2ND
St Charles Sheens batting - Pitching for Portland Cards : LHP Mike Graves
Batting: RHB Judson Backstrom 0-0: Called Strike
0-1: Ball
1-1: Ground out 6-3 (Groundball, 4M)
Batting: RHB Kel Pierce 0-0: Called Strike
0-1: Fly out, F9 (Flyball, 9LMF)
Batting: LHB Jason Lambert 0-0: Ball
1-0: Ball
2-0: Called Strike
2-1: Ball
3-1: Ground out 4-3 (Groundball, 34)
Bottom of the 2nd over - 0 run(s), 0 hit(s), 0 error(s), 0 left on base; Portland 0 - St Charles 0
TOP OF THE 3RD
Portland Cards batting - Pitching for St Charles Sheens : LHP Ben Moody
Batting: RHB Germán Rosales 0-0: Ball
1-0: Called Strike
1-1: Foul Ball, location: 2F
1-2: Strikes out looking
Batting: LHB Keith Beard 0-0: Ball
1-0: Called Strike
1-1: Ball
2-1: Ground out 4-3 (Groundball, 34)
Batting: RHB Dani Vázquez 0-0: Ball
1-0: Fly out, F8 (Line Drive, 8LS)
Top of the 3rd over - 0 run(s), 0 hit(s), 0 error(s), 0 left on base; Portland 0 - St Charles 0
BOTTOM OF THE 3RD
St Charles Sheens batting - Pitching for Portland Cards : LHP Mike Graves
Batting: SHB Richard Bowman 0-0: Swinging Strike
0-1: Foul Ball, location: 2F
0-2: Foul Ball, location: 2F
0-2: Fly out, F8 (Flyball, 78M)
Batting: LHB Gene Cooper 0-0: Called Strike
0-1: Ball
1-1: Ground out 4-3 (Groundball, 34)
Batting: SHB Theron Harper 0-0: Called Strike
0-1: Foul Ball, location: 2F
0-2: Ball
1-2: Ball
2-2: Ground out 1-3 (Groundball, 13S)
Bottom of the 3rd over - 0 run(s), 0 hit(s), 0 error(s), 0 left on base; Portland 0 - St Charles 0
TOP OF THE 4TH
Portland Cards batting - Pitching for St Charles Sheens : LHP Ben Moody
Batting: LHB John Cotton 0-0: Ball
1-0: SINGLE (Groundball, 34S)
Batting: RHB Aaron Scott 0-0: Ball
1-0: Foul Ball, location: 2F
1-1: Fly out, F9 (Flyball, 9D)
Batting: LHB Jeff Daniels 0-0: Ball
John Cotton is caught stealing 2nd base
1-0: Ball
2-0: Called Strike
2-1: Fly out, F9 (Flyball, 9M)
Top of the 4th over - 0 run(s), 1 hit(s), 0 error(s), 0 left on base; Portland 0 - St Charles 0
BOTTOM OF THE 4TH
St Charles Sheens batting - Pitching for Portland Cards : LHP Mike Graves
Batting: RHB Guillermo Sánchez 0-0: Ball
1-0: Swinging Strike
1-1: SOLO HOME RUN (Flyball, 9LD), Distance : 357 ft
Batting: RHB Dan Tyler 0-0: Foul Ball, location: 2F
0-1: Fly out, F7 (Line Drive, 78M)
Batting: RHB Júlio Figueroa 0-0: Ball
1-0: Ground out 2-3 (Groundball, 25)
Batting: RHB Judson Backstrom 0-0: Ball
1-0: Called Strike
1-1: Called Strike
1-2: Ball
2-2: Foul Ball, location: 2F
2-2: Foul Ball, location: 2F
2-2: Ball
3-2: Base on Balls
Batting: RHB Kel Pierce 0-0: Foul Ball, location: 2F
0-1: Ground out 6-3 (Groundball, 6)
Bottom of the 4th over - 1 run(s), 1 hit(s), 0 error(s), 1 left on base; Portland 0 - St Charles 1
TOP OF THE 5TH
Portland Cards batting - Pitching for St Charles Sheens : LHP Ben Moody
Batting: RHB Paco Arellano 0-0: Ball
1-0: Called Strike
1-1: Foul Ball, location: 2F
1-2: Strikes out looking
Batting: LHB Paul Mullins 0-0: Ball
Single, Error in OF, E9, batter to second base
Batting: LHB Tom Blake 0-0: Foul Ball, location: 2F
0-1: Ball
1-1: Ball
2-1: Ball
3-1: Foul Ball, location: 2F
3-2: Foul Ball, location: 2F
3-2: Fly out, F8 (Flyball, 8LXD)
Runner from 2nd tags up, SAFE at 3rd, no throw
Batting: RHB Germán Rosales 0-0: Ball
1-0: Foul Ball, location: 2F
1-1: Fly out, F8 (Flyball, 89D)
Top of the 5th over - 0 run(s), 1 hit(s), 1 error(s), 1 left on base; Portland 0 - St Charles 1
BOTTOM OF THE 5TH
St Charles Sheens batting - Pitching for Portland Cards : LHP Mike Graves
Batting: LHB Jason Lambert 0-0: Ball
1-0: Ball
2-0: Fly out, F1 (Line Drive, 13)
Batting: SHB Richard Bowman 0-0: SINGLE (Line Drive, 56D)
Batting: LHB Gene Cooper 0-0: Ball
1-0: Called Strike
1-1: Ball
2-1: Ball
3-1: Base on Balls
Richard Bowman to second
Batting: SHB Theron Harper 0-0: Foul Ball, location: 2F
0-1: Ball
1-1: Ball
2-1: Fly out, F8 (Flyball, 78M)
Batting: RHB Guillermo Sánchez 0-0: Ball
1-0: Ball
2-0: Ball
3-0: Base on Balls
Richard Bowman to third
Gene Cooper to second
Batting: RHB Dan Tyler 0-0: Fly out, F7 (Flyball, 78M)
Bottom of the 5th over - 0 run(s), 1 hit(s), 0 error(s), 3 left on base; Portland 0 - St Charles 1
TOP OF THE 6TH
Portland Cards batting - Pitching for St Charles Sheens : LHP Ben Moody
Batting: LHB Keith Beard 0-0: Called Strike
0-1: Ball
1-1: Ground out 4-3 (Groundball, 4M)
Batting: RHB Dani Vázquez 0-0: Called Strike
0-1: Called Strike
0-2: Ball
1-2: Ball
2-2: Foul Ball, location: 2F
2-2: Foul Ball, location: 2F
2-2: TRIPLE (Groundball, 3L)
Batting: LHB John Cotton 0-0: Called Strike
0-1: Ball
1-1: Ball
2-1: Swinging Strike
2-2: Ball
3-2: Fly out, F7 (Flyball, 78D)
Runner from 3rd tags up, SCORES, no throw
Batting: RHB Aaron Scott 0-0: Ball
1-0: Called Strike
1-1: Called Strike
1-2: Ball
2-2: Strikes out swinging
Top of the 6th over - 1 run(s), 1 hit(s), 0 error(s), 0 left on base; Portland 1 - St Charles 1
BOTTOM OF THE 6TH
St Charles Sheens batting - Pitching for Portland Cards : LHP Mike Graves
Batting: RHB Júlio Figueroa 0-0: Ball
1-0: Swinging Strike
1-1: Called Strike
1-2: Ball
2-2: Ground out 5-3 (Groundball, 5S)
Batting: RHB Judson Backstrom 0-0: Ground out 6-3 (Groundball, 6M)
Batting: RHB Kel Pierce 0-0: Ball
1-0: Foul Ball, location: 2F
1-1: Ball
2-1: Ball
3-1: Foul Ball, location: 2F
3-2: Fly out, F9 (Flyball, 9LM)
Bottom of the 6th over - 0 run(s), 0 hit(s), 0 error(s), 0 left on base; Portland 1 - St Charles 1
TOP OF THE 7TH
Portland Cards batting - Pitching for St Charles Sheens : LHP Ben Moody
Batting: LHB Jeff Daniels 0-0: Ball
1-0: SINGLE (Line Drive, 5)
Batting: RHB Paco Arellano 0-0: Ball
1-0: Ball
2-0: Ball
3-0: Called Strike
3-1: Called Strike
3-2: Foul Ball, location: 2F
3-2: Strikes out swinging
Batting: LHB Paul Mullins 0-0: Ball
1-0: Ball
2-0: Fly out, F7 (Flyball, 7LMF)
Batting: LHB Tom Blake 0-0: Called Strike
0-1: Ball
1-1: Foul Ball, location: 2F
1-2: Strikes out looking
Top of the 7th over - 0 run(s), 1 hit(s), 0 error(s), 1 left on base; Portland 1 - St Charles 1
BOTTOM OF THE 7TH
St Charles Sheens batting - Pitching for Portland Cards : LHP Mike Graves
Batting: LHB Jason Lambert 0-0: Ball
1-0: SINGLE (Flyball, 7S)
Batting: SHB Richard Bowman 0-0: Bunted foul
0-1: Ball
1-1: Bunted foul
1-2: Ground out 5-3 (Groundball, 5S)
Jason Lambert to second
Batting: LHB Gene Cooper 0-0: Intentional Walk
Batting: SHB Theron Harper 0-0: TRIPLE (Line Drive, 78M)
Jason Lambert scores
Gene Cooper scores
Pitching: RHP Armen Boyajian
Batting: RHB Guillermo Sánchez 0-0: Called Strike
0-1: Ball
1-1: Swinging Strike
1-2: Strikes out swinging
Batting: RHB Dan Tyler 0-0: Ball
1-0: Foul Ball, location: 2F
1-1: Ball
2-1: Fly out, F2 (Popup, 15S)
Bottom of the 7th over - 2 run(s), 2 hit(s), 0 error(s), 1 left on base; Portland 1 - St Charles 3
TOP OF THE 8TH
Portland Cards batting - Pitching for St Charles Sheens : LHP Ben Moody
Batting: RHB Germán Rosales 0-0: Foul Ball, location: 2F
0-1: Ball
1-1: Ground out 5-3 (Groundball, 56)
Batting: LHB Keith Beard 0-0: Called Strike
0-1: Ball
1-1: Foul Ball, location: 2F
1-2: Foul Ball, location: 2F
1-2: Ball
2-2: Ground out 5-3 (Groundball, 5S)
Batting: RHB Dani Vázquez 0-0: Ball
1-0: Ball
2-0: Called Strike
2-1: Ground out 6-3 (Groundball, 6)
Top of the 8th over - 0 run(s), 0 hit(s), 0 error(s), 0 left on base; Portland 1 - St Charles 3
BOTTOM OF THE 8TH
St Charles Sheens batting - Pitching for Portland Cards : RHP Armen Boyajian
Batting: RHB Júlio Figueroa 0-0: Called Strike
0-1: Ball
1-1: Ground out 6-3 (Groundball, 6)
Batting: RHB Judson Backstrom 0-0: Foul Ball, location: 2F
0-1: Ball
1-1: Fly out, F9 (Line Drive, 9M)
Batting: RHB Kel Pierce 0-0: Swinging Strike
0-1: Foul Ball, location: 2F
0-2: Foul Ball, location: 2F
0-2: DOUBLE (Line Drive, 7LS)
Batting: LHB Jason Lambert 0-0: Called Strike
0-1: Ball
1-1: Ball
2-1: Called Strike
2-2: Strikes out swinging
Bottom of the 8th over - 0 run(s), 1 hit(s), 0 error(s), 1 left on base; Portland 1 - St Charles 3
TOP OF THE 9TH
Portland Cards batting - Pitching for St Charles Sheens : LHP Ben Moody
Pitching: RHP Juan Rivera
Batting: LHB John Cotton 0-0: Ball
1-0: Reached on error, E4 (Groundball, 34)
Batting: RHB Aaron Scott 0-0: Ball
1-0: Called Strike
1-1: Called Strike
1-2: Ball
2-2: Foul Ball, location: 2F
2-2: DOUBLE (Flyball, 8RXD)
John Cotton to third
Runner from 3rd tries for Home, SAFE, no throw or cutoff
Batting: LHB Jeff Daniels 0-0: Ball
1-0: Swinging Strike
1-1: Foul Ball, location: 2F
1-2: Foul Ball, location: 2F
1-2: Strikes out swinging
Batting: RHB Paco Arellano 0-0: Ball
1-0: Foul Ball, location: 2F
1-1: Swinging Strike
1-2: Strikes out swinging
Batting: LHB Paul Mullins 0-0: Called Strike
0-1: Ball
1-1: Ball
2-1: Ground out 6-3 (Groundball, 6M)
Top of the 9th over - 1 run(s), 1 hit(s), 1 error(s), 1 left on base; Portland 2 - St Charles 3
Monday, December 5th, 2016 - OOTP Baseball 17.12 Build 75